 Dungeon Crawl Stone Soup version 0.19-a0-1861-g35def1e (webtiles) character file.

5452 Psiweapon the Carver (level 10, -6/67 HPs)
             Began as a Vampire Gladiator on Oct 12, 2016.
             Was a Follower of Makhleb.
             Mangled by a two-headed ogre
             ... wielding a +0 giant spiked club
              (12 damage)
             ... on level 11 of the Dungeon.
             The game lasted 00:27:31 (7512 turns).

Psiweapon the Carver (Vampire Gladiator)            Turns: 7512, Time: 00:27:33

Health: -6/67      AC:  8    Str: 14    XL:     10   Next: 41%
Magic:  15/15      EV: 18    Int: 10    God:    Makhleb [*.....]
Gold:   575        SH:  0    Dex: 19    Spells: 1 memorised, 14 levels left

rFire  + . .     SeeInvis +     a - +4 long sword
rCold  . . .     Gourm    .     p - +0 ring mail {rF+}
rNeg   . . .     Faith    .     (no shield)
rPois  .         Spirit   .     c - +0 helmet
rElec  .         Dismiss  .     (no cloak)
rCorr  .         Reflect  .     (no gloves)
MR     +....     Harm     .     n - +0 pair of boots
Stlth  +.........               (no amulet)
                                (no ring)
                                v - ring of wizardry

@: regenerating quickly
A: fangs 3, see invisible, unbreathing
a: Renounce Religion


You were on level 11 of the Dungeon.
You worshipped Makhleb.
Makhleb was aware of your devotion.
You were very full.

You visited 2 branches of the dungeon, and saw 12 of its levels.

You collected 575 gold pieces.

Inventory:

Hand Weapons
 a - a +4 long sword (weapon)
 B - the +8 quarterstaff "Ocvurheg" {elec, rPois rF- rN+++ Stlth+}
   (You found it on level 6 of the Dungeon)

   Occasionally, upon striking a foe, it will discharge some electrical energy
   and cause terrible harm.
   It makes you vulnerable to fire.
   It protects you from poison.
   It renders you almost immune to negative energy.
   It makes you more stealthy.
 C - a +2 dagger of freezing
Missiles
 d - 4 throwing nets (quivered)
 f - 84 bolts
 g - 172 arrows
 l - 113 sling bullets
 I - 2 tomahawks
Armour
 b - a +0 leather armour
 c - a +0 helmet (worn)
 n - a +0 pair of boots (worn)
 p - a +0 ring mail of fire resistance (worn)
 L - a +0 troll leather armour
Jewellery
 v - a ring of wizardry (left hand)
 F - a cursed amulet of inaccuracy
Wands
 t - a wand of iceblast (6/15)
 w - a wand of digging (10/24)
 x - a wand of flame (32/48)
 G - a wand of enslavement (7/24)
Scrolls
 e - a scroll of enchant armour {unknown}
 i - 2 scrolls of identify
 j - 2 scrolls of fear
 m - 2 scrolls of immolation
 q - a scroll of magic mapping {unknown}
 r - a scroll of recharging
 z - a scroll of fog {unknown}
 A - 2 scrolls of teleportation {unknown}
 D - a scroll of amnesia {unknown}
Potions
 k - 15 potions of blood
 o - 3 potions of magic
 s - 2 potions of curing
 u - a potion of agility
 E - a potion of lignification {unknown}
 K - a potion of berserk rage {unknown}
 N - a potion of flight {unknown}
Books
 y - a book of Minor Magic

   Spells                             Type                      Level
   a - Magic Dart                     Conjuration                  1
   b - Blink                          Translocation                2
   c - Call Imp                       Summoning                    2
   d - Repel Missiles                 Charms/Air                   2
   e - Slow                           Hexes                        2
   f - Conjure Flame                  Conjuration/Fire             3
   g - Mephitic Cloud                 Conjuration/Poison/Air       3
 H - a book of Geomancy

   Spells                             Type                      Level
   a - Sandblast                      Earth                        1
   b - Passwall                       Transmutation/Earth          2
   c - Stone Arrow                    Conjuration/Earth            3
   d - Petrify                        Transmutation/Earth          4
   e - Lee's Rapid Deconstruction     Earth                        5
 J - a book of Changes

   Spells                             Type                      Level
   a - Beastly Appendage              Transmutation                1
   b - Sticks to Snakes               Transmutation                2
   c - Spider Form                    Transmutation/Poison         3
   d - Ice Form                       Ice/Transmutation            4
   e - Blade Hands                    Transmutation                5
Miscellaneous
 M - a fan of gales


   Skills:
 - Level 1.7 Fighting
 - Level 11.8 Long Blades
 - Level 1.5 Throwing
 + Level 3.4 Armour
 - Level 9.7 Dodging
 + Level 3.7 Spellcasting


You had 14 spell levels left.
You knew the following spells:

 Your Spells              Type           Power        Failure   Level  Hunger
a - Blink                 Tloc           N/A          52%         2    ###....


Dungeon Overview and Level Annotations

Branches:
Dungeon (11/15)            Temple (1/1) D:7
   Lair: D:8-11         Orc: D:9-12

Altars:
Ashenzari
Cheibriados
Dithmenos
Elyvilon
Fedhas
Gozag
Hepliaklqana
Kikubaaqudgha
Makhleb
Nemelex Xobeh
Okawaru
Qazlal
Ru
Sif Muna
Trog
Uskayaw
Vehumet
Xom
Yredelemnul
Zin
The Shining One

Annotations:
D:3 Cirk's ghost, amateur TeGl
D:5 1 exclusion
D:10 Erolcha


Innate Abilities, Weirdness & Mutations

Your natural rate of healing is unusually fast.
You have razor-sharp teeth.
You have supernaturally acute eyesight. (SInv)
You can survive without breathing.


Message History

The two-headed ogre hits you with a giant club.
You barely miss the two-headed ogre.
The wyvern hisses angrily.
The two-headed ogre misses you.
The two-headed ogre hits you with a giant club!!
You slash the two-headed ogre!
The two-headed ogre is moderately wounded.
You barely miss the two-headed ogre.
The two-headed ogre is moderately wounded.
The wyvern completely misses you. The two-headed ogre misses you.
The two-headed ogre hits you but does no damage.
The wyvern barely misses you.
You hit the two-headed ogre.
The two-headed ogre is heavily wounded.
The wyvern bites you!
* * * LOW HITPOINT WARNING * * *
The two-headed ogre hits you with a giant spiked club!
* * * LOW HITPOINT WARNING * * *
The two-headed ogre hits you with a giant club!
You die...

#...........#.....
#.#####.....######
#.# #....... #.#
#....... #.#
#....#### #.# ..#
#.# #.# #@#
#Ol......
#........
.........
.%.......
######.... ....
...


You could see a two-headed ogre and a wyvern.

Vanquished Creatures
  Nergalle (D:11)
  A troll (D:11)
  Prince Ribbit (D:6)
  A hippogriff (D:8)
  A wyvern (D:10)
  2 hungry ghosts
  An ice beast (D:6)
  2 orc warriors
  5 sky beasts
  3 black bears
  2 phantoms (D:5)
  2 necrophages
  6 ogres
  4 centaurs
  Blork the orc (D:6)
  3 bullfrogs
  A scorpion (D:6)
  6 killer bees (D:8)
  A howler monkey (D:9)
  A crimson imp (D:5)
  8 hounds
  A quasit (D:8)
  3 bullfrog skeletons
  2 jellies
  5 orc wizards
  4 orc priests
  An iguana (D:5)
  8 worker ants
  8 adders
  2 river rats (D:9)
  2 shadow imps
  An ooze (D:5)
  An adder skeleton (D:4)
  An adder zombie (D:6)
  2 worms (D:2)
  A dart slug (D:1)
  2 leopard geckos (D:5)
  16 orcs
  3 ball pythons
  6 giant cockroaches
  A goblin (D:1)
  5 hobgoblins
  6 jackals
  2 quokkas
  5 bats
  3 frilled lizards
  A jackal zombie (D:6)
  5 kobolds
  A leopard gecko skeleton (D:4)
  10 rats
161 creatures vanquished.

Vanquished Creatures (others)
  A rat (D:3)
1 creature vanquished.

Grand Total: 162 creatures vanquished

Notes
Turn   | Place    | Note
-------+----------+-------------------------------------------
     0 | D:1      | Psiweapon the Vampire Gladiator began the quest for the Orb.
     0 | D:1      | Reached XP level 1. HP: 16/16 MP: 1/1
    58 | D:2      | Reached XP level 2. HP: 16/22 MP: 2/2
   482 | D:2      | Reached XP level 3. HP: 27/27 MP: 3/3
   593 | D:1      | Reached skill level 4 in Long Blades
   674 | D:2      | Found a shadowy altar of Dithmenos.
   695 | D:3      | Found a stormy altar of Qazlal.
  1284 | D:3      | Noticed Cirk's ghost (amateur TeGl)
  1653 | D:4      | Reached XP level 4. HP: 13/33 MP: 4/4
  1862 | D:5      | Entered Level 5 of the Dungeon
  1867 | D:5      | Found a sparkling altar of Nemelex Xobeh.
  1875 | D:5      | Noticed an ogre
  1879 | D:5      | Killed an ogre
  1879 | D:5      | Reached skill level 5 in Long Blades
  1879 | D:5      | Reached XP level 5. HP: 38/38 MP: 5/5
  2080 | D:4      | You fall through a shaft!
  2119 | D:4      | Noticed a hungry ghost
  2135 | D:4      | Reached skill level 5 in Dodging
  2141 | D:4      | Killed a hungry ghost
  2141 | D:4      | Reached skill level 6 in Long Blades
  2141 | D:4      | Reached XP level 6. HP: 17/44 MP: 6/6
  2235 | D:6      | Noticed Blork the orc
  2350 | D:5      | Noticed a sky beast
  2362 | D:5      | Killed a sky beast
  2386 | D:5      | Reached XP level 7. HP: 33/49 MP: 7/7
  2405 | D:5      | Reached skill level 7 in Long Blades
  2480 | D:6      | Noticed Prince Ribbit
  2501 | D:6      | Found a shattered altar of Ashenzari.
  2972 | D:6      | Killed Blork the orc
  2997 | D:6      | Killed Prince Ribbit
  2997 | D:6      | Reached skill level 8 in Long Blades
  3204 | D:4      | Reached XP level 8. HP: 50/55 MP: 8/8
  3697 | D:5      | Reached skill level 9 in Long Blades
  4748 | D:6      | Got a fine quarterstaff
  4793 | D:6      | Identified the +8 quarterstaff "Ocvurheg" {elec, rPois rF- rN+++ Stlth+} (You found it on level 6 of the Dungeon)
  4906 | D:6      | Reached skill level 10 in Long Blades
  4947 | D:7      | Found a staircase to the Ecumenical Temple.
  4955 | Temple   | Entered the Ecumenical Temple
  5010 | Temple   | Became a worshipper of Makhleb the Destroyer
  5086 | D:7      | Reached XP level 9. HP: 26/61 MP: 9/9
  5321 | D:10     | Entered Level 10 of the Dungeon
  5325 | D:10     | Noticed Erolcha
  5741 | D:8      | Reached skill level 11 in Long Blades
  5912 | D:7      | Reached * piety under Makhleb
  6923 | D:9      | Found an ancient bone altar of Kikubaaqudgha.
  6993 | D:9      | Learned a level 2 spell: Blink
  7075 | D:9      | Reached XP level 10. HP: 65/67 MP: 9/11
  7121 | D:10     | Reached skill level 1 in Armour
  7125 | D:10     | Reached skill level 1 in Spellcasting
  7411 | D:11     | Noticed Nergalle
  7446 | D:11     | Killed Nergalle
  7512 | D:11     | Mangled by a two-headed ogre

Vault maps used:
D:1:      co_arrival_random_square_maze
D:2:      minmay_misc_feat_pillars, grunt_dithmenos_smoke_and_mirrors
D:3:      nicolae_qazlal_eye_of_the_storm, lemuel_round_altar
D:4:      st_stairs_4
D:5:      first_bread, nemelex_dance_club_becter
D:6:      ashenzari_conservatory_becter, grunt_ministairs_6, uniq_blork_the_orc,
          uniq_prince_ribbit1
D:9:      grunt_lair_entry_orc_guard_hut, basic_altar
D:10:     serial_glass, glass_columns_a, glass_columns_b, glass_columns_b,
          hangedman_little_slice_of_home, uniq_erolcha
D:11:     uniq_fannar, uniq_nergalle
Temple:   compressed_dpeg_circular_temple

Skill      XL: |  1  2  3  4  5  6  7  8  9 10 |
---------------+-------------------------------+-----
Long Blades    | 4 5 6 8 10 11 | 11.8
Dodging        | 4 5 6 8 9 |  9.7
Armour         | 3 |  3.4
Spellcasting   | 3 |  3.7
Fighting       | |  1.7
Throwing       | |  1.5

Action                   |  1- 3 |  4- 6 |  7- 9 | 10-12 || total
-------------------------+-------+-------+-------+-------++-------
Melee: Long sword        |    84 |    89 |   439 |    64 ||   676
       Bite              |    11 |    11 |    57 |    16 ||    95
       Quarterstaff      |       |       |     2 |    24 ||    26
Throw: Throwing net      |       |       |       |     1 ||     1
  Use: Scroll            |     6 |       |     9 |       ||    15
       Potion            |     1 |       |     1 |     2 ||     4
  Eat: Corpse            |    13 |     2 |    33 |     2 ||    50
Armor: Leather armour    |    15 |       |       |       ||    15
       Ring mail         |     6 |    26 |   108 |    39 ||   179
Dodge: Dodged            |    66 |    65 |   344 |   176 ||   651
       Rpst.: Long sword |    26 |    25 |   101 |    12 ||   164
